 Dungeon Crawl Stone Soup version 0.22-a0-161-g198051c (webtiles) character file.

273 vishdafish the Ruffian (level 6, -1/61 HPs)
             Began as a Troll Berserker on Feb 11, 2018.
             Was a Believer of Trog.
             Slain by an orc
             ... wielding a +2 whip of electrocution
              (4 damage)
             ... on level 5 of the Dungeon.
             The game lasted 00:04:59 (3115 turns).

vishdafish the Ruffian (Troll Berserker)            Turns: 3115, Time: 00:05:01

Health: -1/61      AC:  8    Str: 26    XL:     6   Next: 2%
Magic:  5/5        EV: 11    Int:  4    God:    Trog [**....]
Gold:   247        SH:  0    Dex: 10    Spells: 5/5 levels left

rFire    . . .     SeeInvis .     - Unarmed
rCold    . . .     Gourm    +   (no shield)
rNeg     . . .     Faith    .   a - +0 animal skin
rPois    .         Spirit   .   (helmet restricted)
rElec    .         Reflect  .   (no cloak)
rCorr    .         Harm     .   (gloves unavailable)
MR       .....                  (boots unavailable)
Stlth    +.........             (no amulet)
HPRegen  0.60/turn              n - +3 ring of protection
MPRegen  0.09/turn              (no ring)

@: no status effects
A: large, unfitting armour, claws 3, fast metabolism 3, gourmand, regeneration
1, shaggy fur 1, tough skin 2
a: Berserk, Trog's Hand, Burn Spellbooks, Renounce Religion


You were on level 5 of the Dungeon.
You worshipped Trog.
Trog was pleased with you.
You were hungry.

You visited 1 branch of the dungeon, and saw 5 of its levels.

You collected 247 gold pieces.

Inventory:

Missiles
 q - 3 javelins (quivered)
 s - 6 large rocks
Armour
 a - a +0 animal skin (worn)
Jewellery
 n - a +3 ring of protection (left claw)
Scrolls
 g - a scroll of fear {unknown}
 i - 3 scrolls of fog
 k - 5 scrolls of identify {unknown}
 l - 2 scrolls of blinking {unknown}
 m - 2 scrolls of immolation {unknown}
 o - 2 scrolls of amnesia {unknown}
 r - a scroll of remove curse
Potions
 c - a potion of haste {unknown}
 d - 2 potions of resistance {unknown}
 e - a potion of flight {unknown}
 f - a potion of berserk rage {unknown}
 h - a potion of curing {unknown}
 j - a potion of ambrosia {unknown}
 p - a potion of lignification {unknown}
 t - a potion of mutation {unknown}
Comestibles
 b - 4 rations


   Skills:
 + Level 3.3 Fighting
 * Level 2.7 Throwing
 + Level 3.4 Dodging
 + Level 4.2 Unarmed Combat


You had 5 spell levels left.
You didn't know any spells.

Dungeon Overview and Level Annotations

Branches:
Dungeon (5/15)             Temple (0/1) D:5

Altars:
Dithmenos

Shops:
D:4 (


Innate Abilities, Weirdness & Mutations

You are too large for most types of armour.
You have claws for hands.
Your metabolism is lightning-fast.
You like to eat raw meat.
Your natural rate of healing is unusually fast.
You are covered in fur. (AC +1)
You have very tough skin. (AC +2)


Message History

The orc is moderately wounded.
The orc wizard points at you and mumbles some strange words.
The magic dart hits you! The orc hits you but does no damage.
You scratch the orc. Your claw misses the orc.
The orc is moderately wounded.
The orc wizard barely misses you. The orc closely misses you.
The orc wizard hits you with a dagger.
* * * LOW HITPOINT WARNING * * *
You closely miss the orc.
The orc is moderately wounded.
The orc wizard hits you but does no damage.
The orc hits you but does no damage.
You are electrocuted!
* * * LOW HITPOINT WARNING * * *
You closely miss the orc.
The orc is moderately wounded.
The orc wizard casts a spell at you. The magic dart hits you!
* * * LOW HITPOINT WARNING * * *
The orc hits you with a whip of electrocution.
You die...

######## #......#
#......# #######......#
#.....+......#
#....##.o....# #
#......@o....#
...##.#......#.#####
......><.....#.#
..####.#...#.#.#########
....+...+............
##..§≈§......########
#.≈≈§≈≈.....#
#.§§§≈≈≈≈....####
#.≈§§>≈§≈.........


You could see an orc wizard and an orc.

Vanquished Creatures
  2 scorpions (D:4)
  A jelly (D:5)
  A centaur skeleton (D:4)
  3 gnolls (D:3)
  3 adders
  An ooze (D:3)
  A worm (D:3)
  2 dart slugs
  2 leopard geckos
  2 orcs
  2 bats
  8 hobgoblins
  10 kobolds
  A quokka (D:3)
  A ball python (D:2)
  4 goblins
  14 rats
58 creatures vanquished.

Notes
Turn   | Place    | Note
-------+----------+-------------------------------------------
     0 | D:1      | vishdafish the Troll Berserker began the quest for the Orb.
     0 | D:1      | Reached XP level 1. HP: 22/22 MP: 0/0
   181 | D:1      | Reached XP level 2. HP: 27/29 MP: 1/1
  1148 | D:2      | Reached XP level 3. HP: 36/36 MP: 2/2
  1947 | D:3      | Reached skill level 1 in Throwing
  1950 | D:3      | Reached XP level 4. HP: 44/44 MP: 3/3
  2569 | D:4      | Reached XP level 5. HP: 53/53 MP: 4/4
  2573 | D:4      | Found a shadowy altar of Dithmenos.
  2698 | D:4      | Reached skill level 4 in Unarmed Combat
  2865 | D:4      | Found Hoebu's Weapon Boutique.
  3084 | D:5      | Entered Level 5 of the Dungeon
  3084 | D:5      | Found a staircase to the Ecumenical Temple.
  3095 | D:5      | Reached XP level 6. HP: 57/61 MP: 5/5
  3109 | D:5      | Reached ** piety under Trog
  3115 | D:5      | HP: 3/61 [orc wizard/magic dart (5)]
  3115 | D:5      | Slain by an orc

Vault maps used:
D:1:      dpeg_arrival_solitude, dk_noncrumbling_4
D:2:      serial_curves, eino_curves_01, eino_curves_02
D:4:      serial_shops, shop, nicolae_dithmenos_shadow_blocks
D:5:      kennysheep_spiral_hall, minmay_temple_entry_mist, first_ration,
          kennysheep_generic_room_13, uniq_blork_the_orc

Skill      XL: |  1  2  3  4  5 |
---------------+----------------+-----
Throwing       | 1 2 |  2.7
Dodging        | 3 |  3.4
Fighting       | 3 |  3.3
Unarmed Combat | 4 |  4.2

Action                   |  1- 3 |  4- 6 || total
-------------------------+-------+-------++-------
Melee: Unarmed           |   105 |    37 ||   142
       Punch             |     3 |     3 ||     6
       Hand axe          |       |   106 ||   106
Throw: Javelin           |     3 |     4 ||     7
       Large rock        |       |     1 ||     1
Invok: Berserk           |       |     1 ||     1
  Use: Scroll            |     2 |     1 ||     3
 Stab: Sleeping          |       |     1 ||     1
  Eat: Ration            |     3 |       ||     3
       Chunk             |     6 |    10 ||    16
Armor: Animal skin       |    37 |    66 ||   103
Dodge: Dodged            |    55 |    70 ||   125

Table legend:
 A = Spawn XP
 B = Non-spawn XP
 C = Spawn XP percentage of total XP
 D = Spawn monster count
 E = Non-spawn monster count
 F = Spawn count percentage of total count
 G = Total turns spent on level
                    A         B        C        D         E        F      G
               +---------+---------+-------+---------+---------+-------+---------
         Total |       0 |     390 |   0.0 |       0 |      58 |   0.0 |  3115
               +---------+---------+-------+---------+---------+-------+---------
           D:1 |       0 |      36 |   0.0 |       0 |      24 |   0.0 |  1016
           D:2 |       0 |      13 |   0.0 |       0 |       8 |   0.0 |   869
           D:3 |       0 |      87 |   0.0 |       0 |      17 |   0.0 |   670
           D:4 |       0 |     205 |   0.0 |       0 |       6 |   0.0 |   529
           D:5 |       0 |      49 |   0.0 |       0 |       3 |   0.0 |    31
               +---------+---------+-------+---------+---------+-------+---------
